 Dungeon Crawl Stone Soup version 0.24-a0-458-gfcb5e6da0e (webtiles) character file.

Game seed: 5764226425525340535

21 drasked the Ogre Mage (level 2, -1/24 HPs)
             Began as an Ogre Wizard on June 27, 2019.
             Slain by an adder (4 damage)
             ... on level 3 of the Dungeon.
             The game lasted 00:08:08 (2271 turns).

drasked the Ogre Mage (Ogre Wizard)                 Turns: 2271, Time: 00:08:09

Health: -1/24      AC:  3    Str: 10    XL:     2   Next: 83%
Magic:  3/7        EV: 10    Int: 19    God:
Gold:   66         SH:  0    Dex:  7    Spells: 9/10 levels left

rFire    . . .     SeeInvis .   f - +0 club
rCold    . . .     Gourm    .   (no shield)
rNeg     . . .     Faith    .   a - +0 robe
rPois    .         Spirit   .   b - +0 hat
rElec    .         Reflect  .   (no cloak)
rCorr    .         Harm     .   (gloves unavailable)
MR       .....                  (boots unavailable)
Stlth    +.........             (no amulet)
HPRegen  0.08/turn              (no ring)
MPRegen  0.10/turn              (no ring)

@: lethally poisoned (-1 -> -12)
A: large, unfitting armour, tough skin 1
a: no special abilities


You were on level 3 of the Dungeon.
You were very hungry.

You visited 1 branch of the dungeon, and saw 3 of its levels.

You collected 66 gold pieces.

Inventory:

Hand Weapons
 f - a +0 club (weapon)
   (You took it off a hobgoblin on level 1 of the Dungeon)
Missiles
 Q - 18 stones (quivered)
Armour
 a - a +0 robe (worn)
 b - a +0 hat (worn)
Scrolls
 c - a scroll of remove curse {unknown}
 g - a scroll of magic mapping {!r!r}
 h - a scroll of fear {unknown}
 i - 3 scrolls of identify {unknown}
Potions
 d - a potion of haste {unknown}
Comestibles
 e - 3 rations


   Skills:
 + Level 0.0 Fighting
 * Level 0.0 Maces & Flails
 - Level 1.7 Dodging
 - Level 1.4 Stealth
 - Level 4.6 Spellcasting
 - Level 0.8 Conjurations
   Level 0.8 Summonings
   Level 0.8 Translocations


You had 9 spell levels left.
You knew the following spells:

 Your Spells              Type           Power        Failure   Level  Hunger
a - Magic Dart            Conj           #...         9%          1    None

Your spell library contained the following spells:

 Spells                   Type           Power        Failure   Level  Hunger
 Blink                    Tloc           N/A          14%         2    #......
 Call Imp                 Summ           #.......     14%         2    #......
 Slow                     Hex            #.......     19%         2    #......
 Conjure Flame            Conj/Fire      #.......     32%         3    ###....
 Mephitic Cloud           Conj/Pois/Air  #.......     34%         3    ###....


Dungeon Overview and Level Annotations

Branches:
Dungeon (3/15)

Altars:
Xom


Innate Abilities, Weirdness & Mutations

You are too large for most types of armour.
You have tough skin. (AC +1)


Message History

* * * LOW MAGIC WARNING * * *
You now have 0/7 mp.
Aim: a worm (lightly wounded)
You miscast Magic Dart.
Nothing appears to happen.
* * * LOW MAGIC WARNING * * *
You now have 0/7 mp.
You don't have enough magic to cast that spell.
Unknown command.
Your magical contamination has completely faded away.
You are feeling very hungry.
You start resting.
The worm is too close now for your liking.
Okay, then.
Aim: a worm The magic dart hits the worm.
Aim: a worm (moderately wounded)
You miscast Magic Dart.
You are very lightly contaminated with residual magic.
Nothing appears to happen.
You now have 2/7 mp.
Aim: a worm (lightly wounded)
The magic dart hits the worm.
* * * LOW MAGIC WARNING * * *
You now have 1/7 mp.
Aim: a worm (moderately wounded)
The magic dart hits the worm.
* * * LOW MAGIC WARNING * * *
You now have 0/7 mp.
You don't have enough magic to cast that spell.
You don't have enough magic to cast that spell.
There is a stone staircase leading up here.
There is a stone staircase leading down here.
You climb downwards.
You hear the sound of rushing water.
There is an entrance to a sewer on this level.
Hurry and find it before the portal rusts away!
Found a scroll labeled WAIQUS JUUTT.
Found a stone staircase leading down.
There is a stone staircase leading up here.
Okay, then.
g - 2 scrolls labeled WAIQUS JUUTT (gained 1)
As you read the scroll labeled WAIQUS JUUTT, it crumbles to dust.
You feel aware of your surroundings.
You sensed 7 altars, and 1 shop/portal.
It was a scroll of magic mapping.
Your magical contamination has completely faded away.
There is a stone staircase leading down here.
e - 3 rations (gained 1)
Found 3 scrolls labeled ZUEDUEXZUA.
Found two shimmering altars of Xom.
Found two shimmering altars of Xom.
You now have 66 gold pieces (gained 9).
You see here a mace.
The altar is a mimic!
The altar mimic snickers and vanishes in a puff of smoke!
Found three shimmering altars of Xom.
An adder comes into view.
The altar is a mimic!
The altar mimic guffaws and vanishes in a puff of smoke!
The adder hisses angrily.
You see here 3 scrolls labeled ZUEDUEXZUA.
i - 3 scrolls labeled ZUEDUEXZUA
Aim: an adder The magic dart hits the adder.
You now have 4/7 mp.
You closely miss the adder. The adder barely misses you.
You closely miss the adder. The adder bites you.
You are poisoned.
The adder poisons you!
A goblin comes into view.
It is wielding a +0 dagger and carrying a wand of paralysis (4).
The adder bites you but does no damage.
You take 1 damage, and have 18/24 hp.
The goblin shouts!
You hit the adder but do no damage.
You feel sick. The adder bites you.
You are more poisoned.
The adder poisons you! The adder barely misses you.
You take 3 damage, and have 15/24 hp.
You feel sick.
You take 1 damage, and have 14/24 hp.
You feel sick. The adder bites you.
* * * LOW HITPOINT WARNING * * *
You take 4 damage, and have 10/24 hp.
You feel sick.
You take 1 damage, and have 9/24 hp.
The adder bites you.
* * * LOW HITPOINT WARNING * * *
You are more poisoned.
The adder poisons you!
You see here a mace.
You take 4 damage, and have 5/24 hp.
You hear the slow rusting of a very distant drain.
* * * LOW HITPOINT WARNING * * *
You feel sick. The adder bites you but does no damage.
You take 1 damage, and have 4/24 hp.
Aim: an adder (lightly wounded)
The magic dart hits the adder.
* * * LOW HITPOINT WARNING * * *
You feel sick. The adder barely misses you.
You take 1 damage, and have 3/24 hp.
You now have 4/7 mp.
Aim: an adder (moderately wounded)
The magic dart hits the adder.
* * * LOW HITPOINT WARNING * * *
You feel sick. The adder bites you.
You die...

.....***,,,,,,#.............#,,,,
.....##******###.._......._.#*,**
.......,,,,,,................,,,,
......#*********#....g......#*,,,
......# #...........#*,,* .....#*
#........._.#*,** #...#*
#...........#*,*
.################S...._....##*,*
................@###...).[.# ***
.###############.......###.# ##
#####.....,.# #######*#


You could see an adder and a goblin.

Levels and vault maps discovered:
D:1:      onia_arrival_pentagram, layout_rooms, serial_forest,
          infiniplex_forest_lined_3, infiniplex_forest_zigzag_1,
          infiniplex_forest_diagonal, infiniplex_forest_lined_room_,
          infiniplex_forest_lined_3, infiniplex_forest_straight_2,
          infiniplex_forest_diagonal, infiniplex_forest_clump_long
D:2:      layout_basic, first_ration, kennysheep_generic_room_6
D:3:      layout_rooms, nicolae_xom_altar_mimics, portal_sewer_entry_d,
          hex_large, uniq_grinder, uniq_ijyb

Notes
Turn   | Place    | Note
-------+----------+-------------------------------------------
     0 | D:1      | drasked the Ogre Wizard began the quest for the Orb.
     0 | D:1      | Reached XP level 1. HP: 16/16 MP: 5/5
   182 | D:1      | HP: 3/16 [hobgoblin (3)]
   519 | D:1      | Identified a +0 club
   532 | D:1      | Reached skill level 4 in Spellcasting
   767 | D:1      | Identified a +0 dagger
   770 | D:1      | Reached XP level 2. HP: 24/24 MP: 7/7
   924 | D:1      | Identified a +0 club
  1036 | D:1      | Identified a +0 dagger
  1759 | D:2      | HP: 2/24 [worm (8)]
  2055 | D:2      | HP: 2/24 [worm (10)]
  2224 | D:3      | Identified 2 scrolls of magic mapping
  2250 | D:3      | Found a shimmering altar of Xom.
  2250 | D:3      | Found a shimmering altar of Xom.
  2251 | D:3      | Found a shimmering altar of Xom.
  2251 | D:3      | Found a shimmering altar of Xom.
  2255 | D:3      | Found a shimmering altar of Xom.
  2255 | D:3      | Found a shimmering altar of Xom.
  2255 | D:3      | Found a shimmering altar of Xom.
  2262 | D:3      | Identified a +0 dagger
  2268 | D:3      | HP: 5/24 [adder (4)]
  2271 | D:3      | Slain by an adder

Table legend:
 A = Turns spent in this place as a percentage of turns spent in the entire game.
 B = Non-inter-level travel turns spent in this place as a percentage of non-inter-level travel turns spent in the entire game.
 C = Inter-level travel turns spent in this place as a percentage of turns spent in this place.
 D = Turns resting spent in this place as a percentage of non-inter-level travel turns spent in this place.
 E = Turns spent auto-exploring this place as a percentage of non-inter-level travel turns spent in this place.
 F = Non-inter-level travel turns spent in this place divided by the number of levels of this place that you've seen.
                   A       B       C       D       E      F
               +-------+-------+-------+-------+-------+----------------------
         Total | 100.0 | 100.0 |   2.2 |  41.3 |  34.0 | 740.3
       Dungeon | 100.0 | 100.0 |   2.2 |  41.3 |  34.0 | 740.3
               +-------+-------+-------+-------+-------+----------------------

Table legend:
 A = Kills in this place as a percentage of kills in entire the game.
 B = Kills by you in this place as a percentage of kills by you in the entire game.
 C = Kills by friends in this place as a percentage of kills by friends in the entire game.
 D = Other kills in this place as a percentage of other kills in the entire game.
 E = Experience gained in this place as a percentage of experience gained in the entire game.
 F = Experience gained in this place divided by the number of levels of this place that you have seen.
                   A       B       C       D       E      F
               +-------+-------+-------+-------+-------+----------------------
         Total | 100.0 | 100.0 |   N/A |   N/A | 100.0 |  10.0
       Dungeon | 100.0 | 100.0 |   N/A |   N/A | 100.0 |  10.0
               +-------+-------+-------+-------+-------+----------------------

Skill      XL: |  1 |
---------------+----+-----
Spellcasting   | 4 |  4.6
Dodging        | |  1.7
Stealth        | |  1.4
Conjurations   | |  0.8
Summonings     | |  0.8
Translocations | |  0.8

Action                   || total
-------------------------++-------
Melee: Unarmed           ||    19
       Club              ||    65
Throw: Stone             ||    82
 Cast: Magic Dart        ||    44
  Use: Scroll            ||     1
  Eat: Chunk             ||     3
Armor: Robe              ||    19
Dodge: Dodged            ||    63

Vanquished Creatures
  2 leopard geckos (D:1)
  A ball python (D:2)
  2 giant cockroaches (D:1)
  2 goblins (D:1)
  3 hobgoblins (D:1)
  3 kobolds (D:1)
  2 bats (D:1)
  A rat (D:1)
16 creatures vanquished.
